Map: Aura da Morte LE

Players

Wizard - Winner!

  • Race: Zerg Zerg
  • League: Master
  • Spawn Location: 5:00

Ora

  • Race: Terran Terran
  • League: Master
  • Spawn Location: 11:00

VOD

Have the link to the VOD?

Description

Time

  • Played on: July 4, 2020, 12:16 a.m.
  • Length: 25:59
Show
View Real Time Build Order
Export as new Build Order

Wizard Zerg - Winner!

Build Orders: Hatch First 

Get SALT Encoding   

  12  0:01  Drone  
  13  0:12  Overlord  
  13  0:19  Drone  
  14  0:32  Drone x2  
  16  0:37  Drone  
  17  0:51  Hatchery  
  17  0:55  Drone  
  17  0:58  Drone  
  17  1:03  Extractor  
  17  1:13  Spawning Pool  
  17  1:15  Drone  
  17  1:19  Drone  
  18  1:28  Drone  
  19  1:41  Drone  
  20  1:50  Overlord  
  20  1:59  Queen  
  22  2:02  Queen  
  22  2:03  Zergling x4  
  22  2:05  Metabolic Boost  
  26  2:11  Drone  
  26  2:13  Drone  
  28  2:22  Drone  
  29  2:25  Drone  
  30  2:33  Drone  
  31  2:43  Pneumatized Carapace  
  31  2:47  Hatchery  
  31  2:50  Queen  
  32  2:57  Overlord  
  32  3:01  Drone x2  
  32  3:04  Drone  
  35  3:08  Overlord  
  35  3:11  Drone  
  36  3:15  Overlord  
  36  3:18  Drone  
  37  3:23  Drone x2  
  37  3:26  Drone  
  40  3:32  Queen  
  42  3:44  Roach Warren  
  42  3:46  Drone x5  
  45  3:56  Overlord x2  
  45  4:04  Zergling x6  
  45  4:05  Zergling x4  
  45  4:09  Drone  
  51  4:14  Queen  
  51  4:15  Spore Crawler  
  52  4:19  Queen  
  54  4:25  Overlord  
  54  4:28  Spore Crawler  
  54  4:30  Roach  
  59  4:31  Roach x2  
  59  4:33  Roach  
  61  4:38  Roach x2  
  65  4:49  Lair  
  65  4:51  Drone x6  
  71  4:54  Spore Crawler  
  71  4:55  Drone  
  71  5:06  Drone x5  
  76  5:07  Spore Crawler  
  76  5:12  Overlord  
  75  5:23  Overlord x2  
  75  5:24  Drone x4  
  75  5:25  Drone x2  
  81  5:35  Evolution Chamber x2, Drone x4  
  77  5:51  Drone  
  77  5:52  Drone x6  
  84  6:06  Hatchery  
  84  6:07  Zerg Ground Armor Level 1, Zerg Melee Weapons Level 1  
  84  6:09  Drone x3  
  84  6:10  Extractor  
  85  6:11  Drone x2  
  85  6:12  Drone, Extractor  
  85  6:14  Overseer  
  85  6:16  Hatchery  
  85  6:18  Zergling x8  
  88  6:19  Extractor  
  88  6:20  Extractor  
  88  6:25  Zergling x2  
  89  6:26  Zergling x4  
  91  6:33  Overseer  
  91  6:34  Extractor  
  91  6:35  Zergling x8  
  91  6:36  Zergling x2  
  95  6:41  Drone x3  
  95  6:42  Baneling Nest  
  97  6:48  Zergling x6  
  97  6:49  Zergling x6  
  105  6:55  Overlord x2  
  105  6:57  Overlord x2  
  103  7:06  Overlord x2  
  103  7:14  Zergling x2  
  103  7:15  Zergling x8  
  108  7:18  Zergling x6  
  108  7:22  Drone x2  
  113  7:23  Infestation Pit  
  113  7:25  Centrifical Hooks  
  113  7:27  Queen, Drone x6  
  120  7:36  Zergling x8  
  124  7:38  Baneling  
  124  7:39  Baneling x14  
  124  7:41  Drone x2  
  126  7:59  Baneling x3  
  126  8:00  Baneling x2  
  126  8:02  Zergling x20  
  126  8:03  Zergling x2  
  137  8:08  Hatchery, Hive  
  137  8:11  Zerg Ground Armor Level 2  
  136  8:19  Zerg Melee Weapons Level 2  
  136  8:23  Ravager x4  
  136  8:24  Zergling x2  
  136  8:25  Zergling x14  
  145  8:36  Zergling x20  
  145  8:37  Zergling x4  
  156  8:42  Baneling  
  156  8:43  Baneling x11  
  154  8:53  Hatchery  
  145  9:00  Baneling  
  145  9:01  Baneling x10  
  145  9:06  Overseer  
  145  9:20  Zergling x22  
  145  9:21  Zergling x20  
  166  9:25  Overlord x2  
  166  9:26  Ultralisk Cavern  
  166  9:27  Adrenal Glands  
  166  9:31  Drone x2, Extractor  
  166  9:34  Extractor  
  166  9:35  Extractor  
  159  9:43  Drone x3  
  156  9:52  Zergling x4  
  150  9:53  Zergling x18  
  150  9:59  Drone x3  
  162  10:00  Extractor  
  162  10:03  Drone x3  
  162  10:04  Drone x3  
  167  10:13  Ultralisk  
  173  10:18  Chitinous Plating  
  173  10:19  Ultralisk  
  179  10:31  Hatchery, Overlord x4  
  178  10:42  Zergling x4  
  172  10:43  Zergling x24  
  184  10:51  Zerg Ground Armor Level 3  
  184  10:53  Drone  
  184  10:54  Drone x2  
  187  10:59  Zerg Melee Weapons Level 3  
  187  11:19  Drone x2  
  187  11:20  Drone x6  
  187  11:25  Zergling x8  
  199  11:30  Spire  
  198  11:37  Anabolic Synthesis  
  198  11:54  Baneling x8  
  198  11:55  Baneling x5  
  185  12:06  Zergling x18  
  185  12:07  Zergling x14  
  179  12:14  Viper x2  
  173  12:18  Zergling x8  
  173  12:19  Zergling x2  
  177  12:24  Ultralisk x3  
  195  12:30  Pathogen Glands  
  195  12:35  Drone  
  195  12:36  Drone x4  
  200  12:39  Baneling x3  
  200  12:40  Baneling  
  200  12:52  Baneling x7  
  200  12:59  Greater Spire  
  200  13:12  Baneling x9  
  197  13:13  Baneling x6  
  196  13:24  Overseer x3  
  181  13:32  Zergling x24  
  181  13:33  Zergling x20  
  199  14:01  Baneling x9  
  199  14:02  Baneling x10  
  199  14:09  Hatchery  
  198  14:21  Infestor  
  200  14:25  Zerg Flyer Weapons Level 1  
  194  14:50  Infestor  
  194  14:51  Infestor  
  190  14:56  Zergling x2  
  190  14:57  Zergling x30  
  200  15:11  Extractor  
  200  15:12  Extractor  
  163  15:39  Ultralisk x4  
  163  15:42  Zergling x24  
  197  15:43  Zergling x6  
  185  15:53  Zergling x2  
  185  15:54  Zergling x18  
  185  15:55  Zergling x2, Ultralisk  
  185  15:56  Zergling x2  
  200  16:15  Baneling x3  
  200  16:16  Baneling x15  
  188  16:44  Corruptor, Burrow  
  188  16:45  Corruptor x7  
  196  16:51  Zergling x14  
  179  16:55  Zergling x18  
  179  16:56  Zergling x10  
  179  17:11  Baneling  
  179  17:12  Baneling x13  
  179  17:13  Zergling x2  
  179  17:14  Zergling x36  
  179  17:15  Zergling x8  
  192  17:37  Infestor x2  
  192  17:38  Viper  
  183  18:02  Zergling x2  
  183  18:03  Zergling x42  
  183  18:04  Zergling x2  
  179  18:11  Hatchery  
  164  18:15  Overseer  
  152  18:21  Ultralisk  
  152  18:22  Ultralisk x2  
  152  18:25  Ultralisk x3  
  188  18:27  Zergling x2  
  188  18:28  Zergling x20  
  193  18:42  Hatchery  
  193  18:48  Ultralisk x2  
  191  18:56  Zergling x10  
  191  18:57  Zergling x8  
  187  19:11  Zergling x10  
  187  19:12  Zergling x6  
  185  19:33  Ultralisk x2  
  185  19:34  Overlord x2  
  185  19:35  Overlord  
  181  19:42  Corruptor  
  181  19:43  Corruptor x6  
  188  19:50  Zergling x22  
  189  20:01  Zergling x16  
  195  20:08  Infestor x2  
  195  20:12  Overseer x2  
  186  20:31  Zergling x2  
  186  20:32  Zergling x20  
  188  20:46  Zergling x26  
  188  20:48  Unknown  
  188  20:49  Hatchery  
  196  20:52  Unknown  
  174  21:00  Zergling x2  
  174  21:01  Zergling x22  
  174  21:06  Baneling x2  
  157  21:18  Zergling x6  
  151  21:19  Zergling x14  
  151  21:22  Baneling x6  
  151  21:23  Baneling x17  
  152  21:30  Zergling x14  
  146  21:33  Ultralisk  
  144  21:43  Ultralisk x2  
  144  21:44  Ultralisk x2  
  166  21:47  Ultralisk x3  
  166  21:49  Drone x7  
  179  21:56  Hatchery, Corruptor  
  179  21:59  Overlord x3  
  177  22:04  Unknown  
  177  22:06  Hatchery  
  166  22:10  Unknown  
  164  22:16  Zergling x2  
  164  22:17  Ultralisk x4  
  164  22:20  Brood Lord x4  
  164  22:22  Baneling x6  
  196  22:23  Baneling  
  191  22:33  Drone  
  191  22:35  Zergling x14  
  189  22:52  Zergling x10  
  189  22:53  Zergling x8  
  174  23:06  Zergling x2  
  174  23:07  Zergling x14  
  180  23:18  Overseer  
  176  23:32  Ultralisk x2  
  176  23:33  Zergling x10  
  184  23:43  Brood Lord  
  184  23:45  Zergling x10  
  184  23:46  Baneling  
  184  23:47  Baneling x3  
  185  23:48  Baneling  
  184  23:58  Overlord x2  
  166  24:11  Overseer  
  166  24:16  Zergling x2  
  159  24:17  Zergling x8  
  146  24:34  Baneling x3  
  146  24:35  Baneling x3  
  130  24:58  Zergling x2  
  130  24:59  Zergling x6  
  133  25:08  Overseer  
  133  25:10  Zergling x2  
  131  25:18  Drone x16  
  122  25:36  Zergling x2  
  122  25:37  Zergling x6  
Show
View Real Time Build Order
Export as new Build Order

Ora Terran 

Build Orders: Reaper Expand 

Get SALT Encoding   

  12  0:00  SCV  
  13  0:13  SCV  
  14  0:17  Supply Depot  
  14  0:25  SCV  
  15  0:38  SCV  
  15  0:39  Barracks  
  16  0:43  Refinery  
  16  0:50  SCV  
  17  1:03  SCV  
  18  1:15  SCV  
  19  1:27  Orbital Command  
  19  1:28  Reaper  
  20  1:44  Command Center  
  20  1:53  SCV  
  21  1:56  Supply Depot  
  21  2:00  Barracks Reactor  
  21  2:05  SCV  
  22  2:08  Refinery  
  22  2:17  SCV  
  22  2:22  Factory  
  23  2:29  SCV  
  24  2:36  Marine x2  
  25  2:41  SCV  
  26  2:53  SCV  
  26  2:56  Orbital Command  
  27  3:00  Bunker  
  27  3:08  Starport  
  27  3:10  SCV  
  30  3:13  Hellion  
  30  3:15  Hellion, Barracks Tech Lab  
  32  3:22  SCV x2  
  36  3:34  Hellion, Supply Depot  
  36  3:36  Hellion  
  36  3:41  SCV  
  39  3:44  SCV  
  40  3:52  Viking  
  40  3:53  SCV  
  43  3:56  SCV  
  43  3:58  Hellion  
  43  3:59  Supply Depot  
  43  4:01  Hellion  
  48  4:05  SCV  
  48  4:08  SCV  
  50  4:17  SCV  
  50  4:22  Supply Depot  
  50  4:23  SCV  
  52  4:29  SCV  
  53  4:32  Command Center  
  53  4:43  Stimpack, Starport Reactor  
  53  4:48  Barracks, SCV  
  53  4:49  SCV  
  53  4:50  Barracks  
  53  4:51  Refinery  
  55  4:53  Refinery  
  55  5:00  Factory Tech Lab, SCV  
  55  5:01  SCV  
  57  5:08  Engineering Bay x2  
  57  5:13  SCV x2  
  57  5:18  Siege Tank  
  58  5:22  Marauder  
  58  5:25  SCV  
  58  5:26  SCV  
  62  5:36  Terran Infantry Weapons Level 1  
  62  5:37  Terran Infantry Armor Level 1, SCV  
  62  5:38  SCV  
  62  5:43  Starport Reactor  
  62  5:49  SCV  
  61  5:50  SCV  
  61  5:51  Siege Tank  
  61  5:54  Orbital Command  
  59  6:00  Barracks x2  
  59  6:01  SCV  
  59  6:02  SCV  
  61  6:04  Marine  
  61  6:10  Armory  
  62  6:11  Orbital Command  
  62  6:13  SCV  
  62  6:14  SCV  
  62  6:18  Marine x3  
  67  6:22  Supply Depot x2  
  67  6:25  SCV, Combat Shield  
  68  6:26  SCV  
  69  6:35  Medivac x2  
  69  6:37  SCV  
  69  6:38  SCV  
  75  6:43  Marine x2  
  75  6:44  Marine x2  
  75  6:46  SCV  
  80  6:49  SCV  
  80  6:50  SCV, Barracks Reactor x2  
  82  6:58  SCV  
  82  7:00  Siege Tank  
  86  7:01  SCV  
  86  7:02  SCV  
  86  7:03  Sensor Tower  
  86  7:06  Missile Turret x2  
  88  7:10  SCV  
  88  7:13  Bunker  
  88  7:14  SCV x2  
  88  7:15  Supply Depot  
  91  7:16  Supply Depot x2  
  91  7:17  Marine x4  
  91  7:22  SCV  
  96  7:24  Supply Depot  
  96  7:25  Supply Depot  
  96  7:26  SCV  
  96  7:27  SCV, Marine x3  
  101  7:36  SCV, Siege Tank, Medivac, Marine  
  108  7:37  Medivac  
  108  7:38  SCV, Factory  
  108  7:39  SCV, Marine x3  
  115  7:52  Command Center  
  115  7:59  Refinery x2, Supply Depot, Missile Turret  
  115  8:01  Marine x4  
  115  8:05  Terran Infantry Armor Level 2  
  119  8:06  Medivac  
  119  8:07  Medivac  
  119  8:08  Siege Tank  
  119  8:09  Terran Infantry Weapons Level 2  
  126  8:14  Marine x2  
  126  8:15  Marine  
  126  8:16  Marine x2  
  126  8:19  Marine x4  
  135  8:32  Marine x2  
  135  8:33  Marine x2  
  135  8:34  Marine  
  140  8:36  Marine x2  
  140  8:37  Marine x2  
  147  8:43  Supply Depot  
  147  8:44  Supply Depot  
  147  8:45  Supply Depot  
  147  8:46  Supply Depot  
  146  8:49  Marine x2  
  146  8:51  Marine x3  
  146  8:54  SCV x3  
  146  9:02  Marine x3  
  146  9:07  Marine x2  
  146  9:16  Factory Tech Lab  
  145  9:20  Factory  
  145  9:27  Barracks  
  145  9:28  Barracks, Supply Depot  
  145  9:29  Barracks, Widow Mine x2  
  145  9:30  Concussive Shells  
  145  9:31  Marauder x2, Marine x4  
  157  9:41  SCV x2  
  157  9:42  SCV  
  157  9:51  Widow Mine x2  
  157  9:52  Marauder x2  
  148  9:53  SCV x2  
  148  9:54  SCV  
  151  10:05  SCV  
  151  10:06  SCV x2, Drilling Claws, Missile Turret  
  154  10:07  Sensor Tower  
  154  10:08  Factory Reactor  
  154  10:09  Planetary Fortress  
  154  10:14  Marauder  
  156  10:18  SCV x3  
  156  10:20  Terran Vehicle Weapons Level 1  
  159  10:25  Marauder  
  159  10:26  Barracks Tech Lab x3  
  161  10:30  SCV x3  
  161  10:31  Supply Depot x2  
  161  10:35  Marauder  
  166  10:37  Refinery  
  166  10:38  Refinery  
  166  10:39  Marine x2  
  166  10:40  Marine  
  166  10:41  Marine  
  166  10:42  SCV x3, Marine  
  174  10:46  Marauder  
  174  10:49  Supply Depot  
  176  10:53  Sensor Tower  
  176  10:55  Missile Turret  
  176  10:56  Marauder, Widow Mine x4  
  186  10:58  Widow Mine  
  188  11:08  Marauder  
  188  11:10  Supply Depot  
  190  11:16  Command Center  
  190  11:17  Widow Mine x3  
  190  11:18  Marauder, Widow Mine  
  200  12:00  Supply Depot  
  200  12:08  Widow Mine x2  
  181  12:11  Marauder x5, Marine x5  
  181  12:12  Widow Mine  
  181  12:13  Widow Mine x2  
  178  12:20  Marine  
  174  12:28  Marine  
  174  12:29  Widow Mine x2, Marine x4  
  183  12:32  Marauder x5  
  183  12:34  Command Center, Widow Mine x3  
  199  12:38  Terran Infantry Weapons Level 3, Marine  
  199  12:42  Terran Vehicle Weapons Level 2, Terran Infantry Armor Level 3  
  200  13:25  Marauder, Marine  
  200  13:26  Marauder x2  
  200  13:28  Widow Mine  
  200  13:29  Marauder  
  200  13:31  Marauder, Widow Mine  
  200  13:40  Planetary Fortress  
  200  13:51  Marine  
  200  13:53  Orbital Command  
  200  13:55  Command Center  
  200  14:01  Missile Turret x2  
  200  14:02  Missile Turret  
  200  14:03  Missile Turret  
  200  14:08  Missile Turret  
  200  14:21  Widow Mine  
  200  14:35  Command Center  
  192  14:46  Widow Mine x2  
  192  14:47  Marauder x2, Widow Mine  
  192  14:48  Marauder x2  
  197  15:13  Command Center, Widow Mine  
  195  15:22  Widow Mine x2  
  195  15:27  Marauder x2  
  199  15:33  Marauder  
  199  15:34  Marauder x2  
  170  15:36  Widow Mine x3  
  170  15:42  Marine x2  
  166  15:43  Widow Mine, Marine x2  
  166  15:48  Marauder x2, Planetary Fortress  
  165  15:55  Marauder x3  
  165  15:56  Medivac  
  165  15:57  Medivac  
  174  15:58  Orbital Command  
  174  16:04  Widow Mine x5  
  182  16:09  Marine x5  
  182  16:10  Marauder x2, Marine  
  194  16:16  Marauder x3  
  200  16:27  Orbital Command  
  200  16:29  Missile Turret  
  200  16:31  Marauder  
  190  16:52  Marauder  
  190  16:53  Widow Mine x2  
  190  16:54  Widow Mine x3  
  193  16:58  Medivac x2  
  191  17:06  Orbital Command x2  
  191  17:14  Marauder  
  191  17:15  Widow Mine x3  
  199  17:17  Marine  
  200  17:43  Medivac x2  
  188  17:58  Widow Mine x2  
  185  17:59  Marauder  
  185  18:03  Marauder, Marine  
  185  18:04  Marine x2  
  185  18:05  Marauder x3  
  170  18:09  Widow Mine x3  
  170  18:10  Marine x3  
  179  18:13  Medivac x2  
  179  18:15  SCV  
  179  18:16  SCV x4  
  188  18:20  Marauder  
  188  18:21  Marine  
  188  18:22  Marine x2  
  188  18:23  Widow Mine x2  
  188  18:25  Marauder  
  199  18:28  SCV  
  194  18:34  Marine  
  194  18:35  Marauder x3, Marine x2  
  194  18:37  Widow Mine x2  
  194  18:38  Marine  
  194  18:39  Widow Mine  
  194  18:40  Marine x2  
  190  18:41  Marauder  
  190  18:43  Medivac x2  
  190  18:44  Widow Mine x2  
  190  18:46  Marauder  
  191  18:52  Marine  
  191  18:53  Marine x2  
  179  18:56  Marauder, Marine  
  179  18:57  Marauder x2, Marine  
  179  18:58  Widow Mine x2, Marine  
  179  19:00  Widow Mine  
  185  19:03  Marauder  
  185  19:06  Widow Mine x2  
  185  19:07  Marauder  
  185  19:10  Marine x3  
  185  19:13  Medivac x2  
  185  19:14  Marine  
  185  19:15  Marine  
  185  19:16  Marine  
  191  19:18  Marauder x3  
  184  19:24  Marauder  
  184  19:28  Marine x3  
  184  19:29  Marauder  
  190  19:32  Marine  
  190  19:33  Marine x2  
  180  19:39  Marauder x3  
  180  19:43  Medivac x2  
  181  19:46  Marauder, Marine x3  
  181  19:50  Marauder, Marine  
  181  19:51  Marine x2  
  145  20:00  Marauder  
  145  20:01  Marauder x2  
  145  20:02  Orbital Command  
  145  20:04  Marine x3  
  148  20:07  Marauder  
  148  20:08  Marine  
  148  20:09  Marine x2  
  148  20:10  Widow Mine  
  148  20:12  Marauder  
  148  20:13  Medivac x2  
  153  20:18  Widow Mine  
  155  20:21  Marine  
  155  20:22  Marauder x3, Marine x2  
  155  20:25  Marine  
  155  20:27  Marine x2  
  167  20:28  Marauder  
  167  20:33  Marauder  
  165  20:39  Marine x2  
  157  20:43  Marauder x2, Medivac x2  
  157  20:44  Marauder, Widow Mine  
  157  20:46  Widow Mine  
  171  20:50  Marauder  
  171  20:51  Orbital Command  
  171  20:54  Marauder  
  159  20:58  Widow Mine  
  159  20:59  Widow Mine  
  159  21:00  Widow Mine  
  145  21:05  Marauder x3, Widow Mine  
  145  21:10  Widow Mine  
  155  21:11  Marauder, Marine  
  155  21:12  Medivac  
  155  21:13  Medivac, Marine  
  155  21:16  Marauder  
  155  21:17  Marine  
  157  21:19  Marine  
  157  21:20  Widow Mine, Marine  
  157  21:21  Widow Mine x2  
  157  21:22  Marine  
  154  21:26  Marauder  
  154  21:29  Marine  
  154  21:30  Marine  
  154  21:31  Marine  
  154  21:32  Marine  
  157  21:35  Marine  
  157  21:36  Marine  
  157  21:37  Marine  
  157  21:38  Marine  
  151  21:40  Marine  
  151  21:42  Medivac  
  139  21:47  Marine x3  
  139  21:48  SCV  
  141  21:58  Medivac  
  141  22:00  SCV  
  144  22:03  Widow Mine x4  
  144  22:05  Marauder, Marine  
  149  22:12  Medivac, SCV  
  149  22:14  Widow Mine  
  144  22:23  Marauder, Marine x4  
  144  22:24  Marauder x3, SCV, Widow Mine  
  144  22:26  Marine  
  144  22:28  Medivac  
  156  22:33  Widow Mine  
  156  22:34  Widow Mine x2  
  156  22:35  Widow Mine  
  156  22:41  Marine x4  
  156  22:42  Medivac  
  158  22:44  Marauder  
  158  22:45  Marauder x3, Marine  
  158  22:46  Widow Mine  
  158  22:54  Widow Mine  
  158  22:55  Widow Mine x2  
  158  22:58  Medivac, Marine  
  161  22:59  Marine  
  161  23:03  Marauder  
  147  23:05  Marauder  
  147  23:06  Marauder x2  
  147  23:07  Barracks Tech Lab, Marine  
  147  23:08  Marauder  
  147  23:12  Medivac  
  135  23:16  Marine x2  
  139  23:24  Marauder, Widow Mine x2  
  139  23:25  Marine  
  148  23:27  Marauder x2  
  148  23:28  Marauder, Medivac, Marine, Widow Mine  
  148  23:29  Widow Mine  
  148  23:31  Marine  
  158  23:34  Marine x2  
  156  23:42  Marine  
  156  23:48  Marine  
  139  24:33  Supply Depot x2  
  139  24:35  Supply Depot  
  139  24:36  Supply Depot  
  105  25:35  Barracks  
Tags
 
Add a new tag
Caveats
  • Supply blocks, unpowered buildings, or Contaminate may cause inaccurate times.
  • Supply counts are checked every 10 seconds.